 Dungeon Sprint DCSS version 0.17.0-27-g4a3f43e (webtiles) character file.

158 oplop the Blocker (level 5, -5/51 HPs)
             Began as a Minotaur Fighter on Nov 21, 2015.
             Killed from afar by a deep elf knight (12 damage)
             ... with a spray of energy
             ... in the Dungeon (Sprint V: "Ziggurat Sprint").
             The game lasted 00:01:23 (126 turns).

oplop the Blocker (Minotaur Fighter)                 Turns: 126, Time: 00:01:23

Health: -5/51      AC:  7    Str: 30    XL:     5   Next: 16%
Magic:  4/4        EV:  9    Int:  5    God:
Gold:   0          SH: 13    Dex: 16    Spells: 0 memorised, 4 levels left

rFire  . . .     SeeInvis +     K - +14 obsidian axe {chop, +Fly Str+3 SInv *Curse} (curse)
rCold  . . .     Clarity  .     b - +0 scale mail
rNeg   . . .     SustAt   .     c - +0 shield
rPois  .         Gourm    .     (helmet restricted)
rElec  .         Spirit   .     (no cloak)
rCorr  .         Warding  .     (no gloves)
rMut   .         NoTele   +     (no boots)
MR     .....                    (no amulet)
Stlth  ..........               D - +6 ring of strength
                                A - +6 ring of dexterity

@: mesmerised, not resistant to hostile enchantments, extremely unstealthy
A: retaliatory headbutt, horns 2
a: Evoke Flight


You were in the Dungeon.
You were not hungry.

You visited 1 branch

Inventory:

Hand Weapons
 a - a +0 war axe
 K - the cursed +14 obsidian axe (weapon) {chop, +Fly Str+3 SInv *Curse}
   (You found it in the Dungeon)

   It inflicts extra damage upon your enemies.
   It affects your strength (+3).
   It lets you see invisible.
   It lets you fly.
   It may re-curse itself when equipped.
   It has a curse placed upon it.
 N - a +5 executioner's axe
Armour
 b - a +0 scale mail (worn)
 c - a +0 shield (worn)
 M - the +18 shield of the gong {rElec rN+ MR+ EV-5}
   (You found it in the Dungeon)

   It affects your evasion (-5).
   It insulates you from electricity.
   It protects you from negative energy.
   It affects your resistance to hostile enchantments.
Jewellery
 y - a +6 ring of dexterity
 A - a +6 ring of dexterity (left hand)
 B - a +6 ring of intelligence
 C - a +6 ring of intelligence
 D - a +6 ring of strength (right hand)
 E - a +6 ring of strength
 L - an uncursed ring of flight
Wands
 F - a wand of disintegration (7)
 G - a wand of fire (5)
 H - a wand of cold (5)
 I - a wand of draining (5)
Scrolls
 k - 4 scrolls of blinking
 q - 4 scrolls of amnesia
 r - 3 scrolls of recharging
 s - 7 scrolls of fog
 t - a scroll of holy word
 u - 5 scrolls of identify
 v - 5 scrolls of remove curse
 w - 2 scrolls of fear
Potions
 d - 6 potions of might
 f - 10 potions of curing
 g - 10 potions of heal wounds
 h - 6 potions of haste
 i - 7 potions of magic
 j - 3 potions of berserk rage
 l - 2 potions of brilliance
 m - 2 potions of invisibility
 n - 4 potions of resistance
 p - 5 potions of agility
Miscellaneous
 J - a disc of storms
Comestibles
 e - 5 bread rations
 x - 42 fruits
 z - 4 meat rations


   Skills:
 + Level 6.4 Fighting
 + Level 8.5 Axes
 + Level 6.4 Armour
 + Level 9.1 Shields


You had 4 spell levels left.
You didn't know any spells.

Dungeon Overview and Level Annotations

Branches:
Dungeon (1/1)

Altars:
Ashenzari
Cheibriados
Dithmenos
Elyvilon
Fedhas
Gozag
Kikubaaqudgha
Makhleb
Nemelex Xobeh
Okawaru
Qazlal
Ru
Sif Muna
Trog
Vehumet
Xom
Yredelemnul
Zin
The Shining One
Beogh
Jiyva
Lugonu


Innate Abilities, Weirdness & Mutations

You reflexively headbutt those who attack you in melee.
You have a pair of horns on your head.


Message History

You miss the deep elf knight.
The deep elf knight is heavily wounded.
The deep elf fighter barely misses you. You furiously retaliate!
You headbutt the deep elf fighter!
You kill the deep elf fighter!
Your Fighting skill gained 3 levels and is now at level 6!
Your Axes skill gained 2 levels and is now at level 8!
Your Armour skill gained 3 levels and is now at level 6!
Your Shields skill gained 2 levels and is now at level 9!
You have reached level 3!
Your experience leads to an increase in your attributes!
Your base attributes are Str 20, Int 5, Dex 9.
Increase (S)trength, (I)ntelligence, or (D)exterity?
You feel stronger.
You have reached level 4!
You feel agile.
You have reached level 5!
The deep elf knight points at you and mumbles some strange words.
The spray of energy hits you!
You die...

▓▓▓▓▓▓▓
▓.8©8.▓
▓.....▓
▓.).e.▓
▓..@..▓
▓.....▓
▓.....▓
▓▓▓▓▓▓▓


You could see a deep elf knight.

Vanquished Creatures
  A deep elf fighter (D)
1 creature vanquished.

Notes
Turn   | Place    | Note
--------------------------------------------------------------
     0 | D        | oplop the Minotaur Fighter began the quest for the Orb.
     0 | D        | Reached XP level 1. HP: 19/19 MP: 0/0
     0 | D        | Found a roughly hewn altar of Beogh.
     0 | D        | Found a corrupted altar of Lugonu.
     0 | D        | Found a viscous altar of Jiyva.
     0 | D        | Found a white marble altar of Elyvilon.
     0 | D        | Found a sparkling altar of Nemelex Xobeh.
     0 | D        | Found a burning altar of Makhleb.
     0 | D        | Found an iron altar of Okawaru.
     0 | D        | Found a deep blue altar of Sif Muna.
     0 | D        | Found a radiant altar of Vehumet.
     0 | D        | Found a bloodstained altar of Trog.
     0 | D        | Found a shimmering altar of Xom.
   113 | D        | Reached skill level 6 in Axes
   113 | D        | Reached skill level 7 in Shields
   113 | D        | Reached XP level 2. HP: 26/26 MP: 1/1
   120 | D        | Entered arena 1.
   120 | D        | Noticed a deep elf fighter
   120 | D        | Noticed a deep elf knight
   126 | D        | Killed a deep elf fighter
   126 | D        | Reached skill level 8 in Axes
   126 | D        | Reached skill level 9 in Shields
   126 | D        | Reached XP level 3. HP: 6/38 MP: 2/2
   126 | D        | Reached XP level 4. HP: 7/45 MP: 3/3
   126 | D        | Reached XP level 5. HP: 7/51 MP: 4/4
   126 | D        | Killed from afar by a deep elf knight

Action                   |  1- 3 |  4- 6 || total
-------------------------+-------+-------++-------
Melee: Broad axe         |     4 |       ||     4
  Use: Potion            |     1 |       ||     1
